 Dungeon Crawl Stone Soup version 0.17-a0-1942-g46ae386 (webtiles) character file.

284 mcbry74 the Poker (level 6, -1/43 HPs)
             Began as a Merfolk Chaos Knight on Sept 30, 2015.
             Slain by an iguana (5 damage)
             ... on level 4 of the Dungeon.
             The game lasted 00:18:50 (3658 turns).

mcbry74 the Poker (Merfolk Chaos Knight)            Turns: 3658, Time: 00:18:50

Health: -1/43      AC:  7    Str: 13    XL:     6   Next: 29%
Magic:  0/6        EV: 14    Int: 13    God:    Xom [...*..]
Gold:   190        SH:  0    Dex: 15    Spells: 0 memorised, 5 levels left

rFire  . . .     SeeInvis .     a - +1 spear (chaos)
rCold  . . .     Clarity  .     b - +3 leather armour
rNeg   + . .     SustAt   .     (no shield)
rPois  .         Gourm    .     (no helmet)
rElec  .         Spirit   +     i - +0 cloak
rCorr  .         Warding  .     (no gloves)
rMut   .         Stasis   .     (no boots)
MR     +....                    h - amulet of guardian spirit
Stlth  +.........               f - ring of positive energy
                                p - ring of protection from magic

@: somewhat resistant to hostile enchantments, very unstealthy
A: change form in water, swift swim, agile 1, deterioration 1, frail 1
a: Renounce Religion


You were on level 4 of the Dungeon.
You worshipped Xom.
You were a favourite toy of Xom.
You were very hungry.

You visited 1 branch of the dungeon, and saw 4 of its levels.

You collected 190 gold pieces.

Inventory:

Hand weapons
 a - a +1 spear of chaos (weapon)
 g - a +0 blowgun
 m - a +0 blowgun
Missiles
 j - 24 poisoned needles
 l - 4 javelins (quivered)
Armour
 b - a +3 leather armour (worn)
 i - a +0 cloak (worn)
Jewellery
 f - a ring of positive energy (right hand)
 h - an amulet of guardian spirit (around neck)
 p - a ring of protection from magic (left hand)
Scrolls
 d - 3 scrolls of teleportation
 e - a scroll of magic mapping
 k - a scroll of fog
 o - 2 scrolls of identify
 s - a scroll of remove curse {unknown}
Potions
 r - 2 potions of ambrosia {unknown}
Comestibles
 c - 2 bread rations


   Skills:
 - Level 4.1 Fighting
 * Level 7.7 Polearms
 + Level 1.7 Throwing
 - Level 1.0 Armour
 + Level 4.4 Dodging


You had 5 spell levels left.
You didn't know any spells.

Dungeon Overview and Level Annotations

Branches:
Dungeon (4/15)
 Temple: D:4-7

Altars:


Innate Abilities, Weirdness & Mutations

You revert to your normal form in water.
You are very nimble and swift while swimming.
You are agile. (Dex +2)
Your body sometimes deteriorates upon taking damage.
You are frail (-10% HP).


Message History

Press: ? - help, Dir - move target cursor You barely miss something.
Something bites you!
Attack whom?
Press: ? - help, Dir - move target cursor You hit something but do no damage.
Something bites you but does no damage.
Attack whom?
Press: ? - help, Dir - move target cursor You closely miss something.
Something bites you.
Attack whom?
Press: ? - help, Dir - move target cursor You hit something but do no damage.
Nothing appears to happen.
Something bites you!
* * * LOW HITPOINT WARNING * * *
Attack whom?
Press: ? - help, Dir - move target cursor You closely miss something.
Something bites you.
* * * LOW HITPOINT WARNING * * *
There is an open door here.
Something is blocking the doorway!
Something bites you.
You die...

............ ####'##..#
## ..>...#..###..#
......#........
......'........
......#'###+#### #+# #
...............##..##..#
...............#...'...#
...............'@..#
...............###'##
......####........≈.#
...... ######.....#
...... #.....# ....
#.....+ ... #..?..#
#######


There were no monsters in sight!

Vanquished Creatures
  The ghost of ololoev the Slasher, an average HEFi (D:4)
  A water moccasin skeleton (D:4)
  A worker ant (D:4)
  5 adders
  An ooze (D:1)
  2 giant geckos
  8 orcs
  A bat (D:2)
  7 giant cockroaches
  15 goblins
  10 hobgoblins
  2 jackals (D:4)
  9 kobolds
  4 ball pythons (D:3)
  A giant newt (D:2)
  10 rats
78 creatures vanquished.

Notes
Turn   | Place    | Note
--------------------------------------------------------------
     0 | D:1      | mcbry74 the Merfolk Chaos Knight began the quest for the Orb.
     0 | D:1      | Reached XP level 1. HP: 18/18 MP: 1/1
   145 | D:1      | XOM: divination: magic mapping
   203 | D:1      | Reached XP level 2. HP: 16/24 MP: 0/2
   649 | D:1      | Reached skill level 5 in Polearms
   796 | D:1      | Reached XP level 3. HP: 27/29 MP: 3/3
   958 | D:1      | XOM: divination: detect creatures
  1174 | D:2      | XOM: harmless Summ miscast
  1220 | D:2      | XOM: silly message
  1266 | D:2      | Reached skill level 1 in Armour
  1610 | D:2      | XOM: scenery: 1 doors open
  1940 | D:3      | Reached XP level 4. HP: 32/37 MP: 4/4
  1954 | D:3      | Reached skill level 6 in Polearms
  2123 | D:3      | XOM: god gift: 22 stones
  2178 | D:3      | Gained mutation: You are agile. (Dex +2) [potion of mutation]
  2178 | D:3      | Gained mutation: Your body sometimes deteriorates upon taking damage. [potion of mutation]
  2178 | D:3      | Gained mutation: You are frail (-10% HP). [potion of mutation]
  2546 | D:3      | Reached XP level 5. HP: 37/37 MP: 5/5
  3047 | D:4      | Noticed ololoev's ghost (average HEFi)
  3137 | D:4      | XOM: divination: magic mapping
  3431 | D:4      | XOM: fake destruction
  3433 | D:4      | XOM: mild Air miscast
  3455 | D:4      | Killed ololoev's ghost
  3455 | D:4      | Reached skill level 7 in Polearms
  3455 | D:4      | Reached skill level 1 in Throwing
  3455 | D:4      | Reached XP level 6. HP: 15/43 MP: 2/6
  3658 | D:4      | Slain by an iguana

Vault maps used:
D:1:      scummos_arrival_star, serial_bayou_ford_a
D:3:      kennysheep_big_flooded_room, minmay_shallow_snake_nest

Action                   |  1- 3 |  4- 6 || total
-------------------------+-------+-------++-------
Melee: Spear             |   127 |   149 ||   276
Throw: Javelin           |     1 |    31 ||    32
  Use: Scroll            |     6 |     1 ||     7
       Potion            |     5 |     3 ||     8
 Stab: Sleeping          |     4 |     1 ||     5
       Petrifying        |       |     2 ||     2
  Eat: Chunk             |     2 |     4 ||     6
       Pizza             |     1 |       ||     1
